 Dungeon Crawl Stone Soup version 0.18-a0-837-gd08d4d7 (webtiles) character file.

28823 Chiseanne the Fighter (level 13, -9/108 HPs)
             Began as a Mummy Wanderer on Dec 18, 2015.
             Was an Initiate of Gozag.
             Mangled by an orc warlord
             ... wielding a +4 great sword of electrocution
              (17 damage)
             ... on level 1 of the Orcish Mines.
             The game lasted 01:29:52 (18759 turns).

Chiseanne the Fighter (Mummy Wanderer)             Turns: 18759, Time: 01:29:52

Health: -9/108     AC: 20    Str: 16    XL:     13   Next: 11%
Magic:  0/28       EV: 15    Int: 21    God:    Gozag
Gold:   1588       SH:  9    Dex: 13    Spells: 2 memorised, 8 levels left

rFire  x . .     SeeInvis .     L - +2 hand axe (elec)
rCold  + . .     Gourm    .     t - +4 scale mail of the Ditch-Digger {MR+ Int+5}
rNeg   + + +     Faith    .     z - +3 buckler {reflect}
rPois  ∞         Spirit   +     i - +1 hat
rElec  .         Dismiss  .     E - +2 cloak {rPois}
rCorr  .         Reflect  +     D - -2 pair of gloves "Saxkopn" {Regen+ MP+9 Int+4 Dex-2}
SustAt .         Harm     .     j - +2 pair of boots {Fly}
MR     ++...                    K - amulet of guardian spirit
Stlth  +.........               r - +4 ring of evasion
                                k - ring of invisibility

@: about to teleport, flying, very slightly contaminated, invisible, very
resistant to hostile enchantments, very unstealthy
A: no food or potions, fire vulnerability, cold resistance 1, negative energy
resistance 3, torment resistance, unbreathing, in touch with death 1, restore
body
a: Self-Restoration, Potion Petition, Call Merchant, Bribe Branch, Renounce
Religion, Stop Flying


You were on level 1 of the Orcish Mines.
You worshipped Gozag.
Gozag was noncommittal.
You were not hungry.

You visited 3 branches of the dungeon, and saw 15 of its levels.
You also visited: Labyrinth and Ossuary.

You collected 5364 gold pieces.
You spent 2217 gold pieces at shops.
You paid 1559 gold pieces to Gozag.

Inventory:

Hand Weapons
 a - a +7 dagger of venom
 e - a +6 hunting sling of velocity
 p - a +0 scimitar of protection
 s - a +2 long sword of slicing
 w - a +0 blowgun
 L - a +2 hand axe of electrocution (weapon)
Missiles
 b - 4 javelins (quivered)
 f - 106 bolts
 l - 64 poisoned needles
 u - 15 bolts of frost
 x - 5 javelins of penetration
 y - 73 sling bullets
 A - 5 tomahawks of dispersal
 F - a throwing net
 O - 2 needles of sleeping
 P - a curare-tipped needle
 Q - 30 tomahawks
Armour
 i - a +1 hat (worn)
 j - a +2 pair of boots of flying (worn)
 t - the +4 scale mail of the Ditch-Digger (worn) {MR+ Int+5}
   (You bought it in a shop on level 7 of the Dungeon)

   It affects your intelligence (+5).
   It affects your resistance to hostile enchantments.
 z - a +3 buckler of reflection (worn)
 D - the -2 pair of gloves "Saxkopn" (worn) {Regen+ MP+9 Int+4 Dex-2}
   (You bought it in a shop on level 7 of the Dungeon)

   It affects your intelligence (+4).
   It affects your dexterity (-2).
   It affects your magic capacity (+9).
   It increases your rate of regeneration.
 E - a +2 cloak of poison resistance (worn)
 G - the +2 robe "Jaijiner" {rElec Dex+3 Stlth-}
   (You bought it in a shop on level 7 of the Dungeon)

   It affects your dexterity (+3).
   It insulates you from electricity.
   It makes you less stealthy.
 U - a +1 ring mail of fire resistance
Jewellery
 k - a ring of invisibility (left hand)
 r - a +4 ring of evasion (right hand)
 K - an amulet of guardian spirit (around neck)
Wands
 d - a wand of hasting (0)
 h - a wand of slowing (3)
 M - a wand of invisibility (2)
 N - a wand of disintegration (0)
 R - a wand of digging (8)
Scrolls
 c - 5 scrolls of teleportation
 n - 4 scrolls of remove curse
 o - 2 scrolls of magic mapping
 q - 8 scrolls of immolation
 v - 2 scrolls of amnesia
 B - 5 scrolls of identify
 H - a scroll of fog
 I - a scroll of enchant armour
 J - a scroll of recharging
Books
 m - a book of Envenomations

   Spells                             Type                      Level
   a - Spider Form                    Transmutation/Poison         3
   b - Alistair's Intoxication        Transmutation/Poison         4
   c - Olgreb's Toxic Radiance        Poison                       4
   d - Poisonous Cloud                Conjuration/Poison/Air       6
 C - a book of Battle

   Spells                             Type                      Level
   a - Infusion                       Charms                       1
   b - Shroud of Golubria             Charms/Translocation         2
   c - Song of Slaying                Charms                       2
   d - Spectral Weapon                Hexes/Charms                 3
   e - Regeneration                   Charms/Necromancy            3


   Skills:
 - Level 12.0 Fighting
 * Level 0.4 Axes
   Level 1.0 Bows
 * Level 10.2 Armour
 - Level 3.7 Dodging
 - Level 1.5 Stealth
 * Level 8.6 Shields
 * Level 9.1 Evocations


You had 8 spell levels left.
You knew the following spells:

 Your Spells              Type           Power        Failure   Level  Hunger
a - Shroud of Golubria    Chrm/Tloc      #.........   77%         2    N/A
b - Song of Slaying       Chrm           #.......     77%         2    N/A

Dungeon Overview and Level Annotations

Branches:
Dungeon (12/15)            Temple (1/1) D:4            Lair (0/8) D:9
    Orc (2/2) D:10            Elf (0/3) Orc:2

Altars:
Ashenzari
Cheibriados
Dithmenos
Elyvilon
Fedhas
Gozag
Kikubaaqudgha
Makhleb
Nemelex Xobeh
Okawaru
Pakellas
Qazlal
Ru
Sif Muna
Trog
Vehumet
Xom
Yredelemnul
Zin
The Shining One

Shops:
D:7 [   D:10 ?   D:11 ?   D:12 *   Orc:1 *((}   Orc:2 ?%

Annotations:
D:5 P0WERM0DE's ghost, novice NaAs


Innate Abilities, Weirdness & Mutations

You do not eat or drink.
Your flesh is vulnerable to fire.
You are immune to poison.
Your flesh is cold resistant.
You are immune to negative energy.
You are immune to unholy pain and torment.
You can survive without breathing.
You are in touch with the powers of death.
You can restore your body by infusing magical energy.


Message History

You barely miss the orc warlord.
The orc warlord is moderately wounded.
The orc warlord is no longer moving slowly.
You hit the orc warlord.
The orc warlord is moderately wounded.
The orc warlord hits you with a great sword of electrocution!!
You see here a poisoned needle.
You see here a curare-tipped needle.
P - a curare-tipped needle The orc warlord hits you with a great sword of electrocution!
You are electrocuted!
* * * LOW HITPOINT WARNING * * *
Read which item? (? for menu, Esc to quit)
As you read the scroll of teleportation, it crumbles to dust.
You feel strangely unstable.
The orc warlord hits you with a great sword of electrocution!!
* * * LOW HITPOINT WARNING * * *
You are electrocuted!
You die...
Your body crumbles into a pile of gold.

#...#..#.........#...#
#.......#......[.....##
.......[.#....#.......####
.[......#........###..#..##
..[..[).....#.#..#∩'.#....#
...)[<[.....##.#.###.....##
...).[[.[#......##.......##
..#.#.∩[).................######
...∩?/..........@....[[.....#..##
..#.#....[....(o.............>..#
#......#......(.(..............##
###....#.....[...(............##
##................).......###
##..#.#.........)......###
######..#......>.....#..##
#...........#........#
##..#...............##


You could see an orc warlord.

Vanquished Creatures
  Maud (Orc:2)
  An orc warlord (Orc:1)
  A yaktaur captain (D:11)
  A minotaur (Lab)
  A centaur warrior (D:11)
  A tengu warrior (D:12)
  2 orc high priests
  Sonja (D:10)
  A deep elf mage (D:11)
  3 orc knights
  3 hill giants
  An ugly thing (D:12)
  5 orc sorcerers
  An oklob plant (Orc:2)
  A manticore (D:11)
  Joseph (D:7)
  2 gargoyles (Lab)
  3 trolls
  3 wraiths
  A trapdoor spider (D:10)
  4 yaks
  A hippogriff (D:11)
  A basilisk (D:12)
  A water moccasin (D:9)
  2 vampire mosquitoes (D:12)
  3 wargs
  A hell hound (D:11)
  4 soldier ants
  39 orc warriors
  2 phantoms (D:10)
  An ice beast (D:9)
  2 black bears
  2 sky beasts
  3 necrophages
  2 centaurs (D:10)
  12 ogres
  The ghost of aves the Ruffian, an amateur VSMo (D:3)
  6 giant frogs
  A big kobold (D:8)
  A lava snake (Lab)
  5 killer bees
  5 scorpions
  12 wights
  A troll skeleton (Lab)
  4 centaur zombies
  A spriggan skeleton (Lab)
  A jelly (D:7)
  4 human zombies (D:8)
  A wasp zombie (D:9)
  A centaur skeleton (D:12)
  7 hounds
  2 giant frog skeletons
  28 orc priests
  5 crimson imps
  25 orc wizards
  An iguana (D:10)
  2 human skeletons (D:8)
  Crazy Yiuf (D:7)
  10 worker ants
  A hound zombie (D:7)
  A hound skeleton (D:7)
  5 mummies
  8 gnolls
  12 adders
  7 river rats (D:9)
  A shadow imp (D:7)
  2 adder skeletons
  2 adder zombies (Ossuary)
  7 worms
  5 giant geckos
  120 orcs
  5 giant cockroaches
  8 hobgoblins
  11 jackals
  11 kobolds
  4 quokkas
  3 ball pythons
  13 bats
  A giant gecko skeleton (D:4)
  4 giant newts
  2 goblins
  4 goblin zombies (Ossuary)
  A hobgoblin zombie (Ossuary)
  A jackal skeleton (D:9)
  3 kobold zombies (Ossuary)
  2 quokka skeletons
  3 quokka zombies (Ossuary)
  17 rats
  4 rat zombies (Ossuary)
  3 fungi (D:9)
510 creatures vanquished.

Vanquished Creatures (collateral kills)
  A hill giant (D:12)
  A tengu conjurer (D:12)
  A yak (D:11)
  A phantom (D:10)
  8 wights
  3 killer bees (D:12)
  2 lava snakes (Lab)
  6 orcs
23 creatures vanquished.

Vanquished Creatures (others)
  An orc sorcerer (Orc:1)
  2 gargoyles (Lab)
  3 orc warriors
  A water moccasin (D:10)
  A lava snake (Lab)
  An orc priest (D:11)
  8 orcs
  3 fungi (D:9)
20 creatures vanquished.

Grand Total: 553 creatures vanquished

Notes
Turn   | Place    | Note
--------------------------------------------------------------
     0 | D:1      | Chiseanne the Mummy Wanderer began the quest for the Orb.
     0 | D:1      | Chiseanne set off with: a +2 shortbow, 27 arrows, a scroll of teleportation, a +0 ring mail, a +0 dagger
     0 | D:1      | Reached XP level 1. HP: 19/19 MP: 1/1
   155 | D:1      | Reached XP level 2. HP: 25/25 MP: 2/2
   464 | D:1      | Reached skill level 1 in Dodging
   464 | D:1      | Reached XP level 3. HP: 31/31 MP: 3/3
  1305 | D:2      | Reached XP level 4. HP: 33/38 MP: 4/4
  1310 | D:2      | Found an opulent altar of Gozag.
  1318 | D:2      | Became a worshipper of Gozag Ym Sagoz the Greedy
  1781 | D:3      | Noticed aves's ghost (amateur VSMo)
  1958 | D:3      | Found a stormy altar of Qazlal.
  1960 | D:3      | Noticed an air elemental
  2007 | D:3      | Found a blossoming altar of Fedhas.
  2060 | D:3      | Reached XP level 5. HP: 43/43 MP: 5/5
  2129 | D:3      | Noticed a water elemental
  2140 | D:3      | Noticed a fire elemental
  2144 | D:3      | Noticed a moth of wrath
  2147 | D:3      | Found a bloodstained altar of Trog.
  2306 | D:3      | Killed aves's ghost
  2306 | D:3      | Reached skill level 5 in Fighting
  2614 | D:4      | Reached XP level 6. HP: 47/51 MP: 6/6
  2826 | D:4      | Reached XP level 7. HP: 55/57 MP: 7/7
  2852 | D:4      | Found a sand-covered staircase.
  2856 | Ossuary  | Entered an ossuary
  3173 | Ossuary  | Reached skill level 6 in Fighting
  3186 | Ossuary  | Noticed P0WERM0DE's ghost (amateur DrCK)
  3602 | D:4      | Found a staircase to the Ecumenical Temple.
  3613 | Temple   | Entered the Ecumenical Temple
  4000 | D:5      | Entered Level 5 of the Dungeon
  4081 | D:5      | Noticed P0WERM0DE's ghost (novice NaAs)
  4347 | D:5      | Found a glowing silver altar of Zin.
  4855 | D:6      | Reached skill level 1 in Evocations
  4902 | D:6      | Found a white marble altar of Elyvilon.
  5285 | D:6      | Reached skill level 5 in Armour
  5309 | D:6      | Reached skill level 1 in Shields
  5309 | D:6      | Reached XP level 8. HP: 47/65 MP: 9/9
  5873 | D:7      | Reached skill level 7 in Fighting
  6304 | D:7      | Noticed Joseph
  6332 | D:7      | Killed Joseph
  6332 | D:7      | Reached XP level 9. HP: 15/72 MP: 9/11
  6721 | D:7      | Noticed Crazy Yiuf
  6729 | D:7      | Killed Crazy Yiuf
  7131 | D:7      | Bought a pair of embroidered boots for 117 gold pieces
  7199 | D:8      | Reached skill level 8 in Fighting
  7477 | D:8      | Found a burning altar of Makhleb.
  7500 | D:8      | Found a sacrificial altar of Ru.
  7663 | D:8      | Found an ancient bone altar of Kikubaaqudgha.
  8167 | D:8      | Reached skill level 5 in Evocations
  8167 | D:8      | Reached XP level 10. HP: 52/82 MP: 13/13
  8512 | D:7      | Bought a pair of steaming gloves for 247 gold pieces
  8512 | D:7      | Bought an embroidered cloak for 117 gold pieces
  8535 | D:7      | Identified the cursed -2 pair of gloves "Saxkopn" {Regen+ MP+9 Int+4 Dex-2} (You bought it in a shop on level 7 of the Dungeon)
  8538 | D:7      | Learned a level 2 spell: Shroud of Golubria
  8713 | D:9      | Learned a level 2 spell: Song of Slaying
  8818 | D:9      | Found a staircase to the Lair.
  8828 | D:9      | Reached skill level 5 in Shields
  8961 | D:7      | Bought a translucent scale mail for 234 gold pieces
  8973 | D:7      | Identified the +4 scale mail of the Ditch-Digger {MR+ Int+5} (You bought it in a shop on level 7 of the Dungeon)
  9349 | D:9      | Reached skill level 9 in Fighting
  9810 | D:7      | Bought a shadowed robe for 148 gold pieces
  9821 | D:7      | Identified the +2 robe "Jaijiner" {rElec Dex+3 Stlth-} (You bought it in a shop on level 7 of the Dungeon)
  9904 | D:10     | Entered Level 10 of the Dungeon
 10156 | D:10     | Noticed Sonja
 10182 | D:10     | Killed Sonja
 10598 | D:10     | Found Jibewn's Magic Scroll Boutique.
 10663 | D:10     | Bought a scroll of magic mapping for 45 gold pieces
 10663 | D:10     | Bought a scroll of random uselessness for 13 gold pieces
 10663 | D:10     | Bought a scroll of enchant weapon for 97 gold pieces
 10663 | D:10     | Bought a scroll of identify for 26 gold pieces
 10663 | D:10     | Bought a scroll of fear for 45 gold pieces
 10832 | D:10     | Found a staircase to the Orcish Mines.
 10888 | D:11     | Noticed a hill giant
 10900 | D:11     | Killed a hill giant
 10900 | D:11     | Reached XP level 11. HP: 37/90 MP: 8/15
 11041 | D:11     | Found Enanim's Magic Scroll Emporium.
 11050 | D:11     | Bought a scroll of torment for 97 gold pieces
 11050 | D:11     | Bought a scroll of remove curse for 39 gold pieces
 11050 | D:11     | Bought a scroll of teleportation for 39 gold pieces
 11050 | D:11     | Bought a scroll of immolation for 45 gold pieces
 11117 | D:11     | Noticed a centaur warrior
 11133 | D:11     | Killed a centaur warrior
 11176 | D:11     | Noticed a yaktaur captain
 11209 | D:11     | Noticed a hill giant
 11226 | D:11     | Killed a yaktaur captain
 11226 | D:11     | Reached skill level 10 in Fighting
 11581 | D:11     | Killed a hill giant
 12256 | D:12     | Noticed a hill giant
 12274 | D:12     | Killed a hill giant
 12323 | D:12     | Noticed a hill giant
 12327 | D:12     | Killed a hill giant
 12371 | D:12     | Found Piono's General Store.
 12377 | D:12     | Bought a scroll of immolation for 49 gold pieces
 12377 | D:12     | Bought a scroll of remove curse for 42 gold pieces
 12383 | D:12     | Found a labyrinth entrance.
 12393 | Lab      | Entered a labyrinth
 13189 | Lab      | Noticed a minotaur
 13205 | Lab      | Killed a minotaur
 13220 | Lab      | Got a smoking robe
 13325 | Lab      | Identified the cursed +0 robe of Itomuan {MP+9 Int+3 Slay+2 Stlth-} (You found it in a labyrinth)
 13492 | D:12     | Noticed a tengu warrior
 13533 | D:12     | Killed a tengu warrior
 13616 | D:12     | Reached XP level 12. HP: 23/99 MP: 7/17
 13969 | D:10     | Bought 3 scrolls of enchant armour for 292 gold pieces
 13969 | D:10     | Identified a scroll of acquirement
 14086 | Orc:1    | Entered Level 1 of the Orcish Mines
 14086 | Orc:1    | Found Goymmiak's Weapon Boutique.
 14086 | Orc:1    | Found Qiurch's Assorted Antiques.
 14288 | D:10     | Reached skill level 11 in Fighting
 14614 | Orc:1    | Bought a glowing silver wand for 84 gold pieces
 14614 | Orc:1    | Bought a scroll labeled YTTUOK EMOUCLO for 21 gold pieces
 14614 | Orc:1    | Bought a scroll of immolation for 73 gold pieces
 14614 | Orc:1    | Bought a scroll of immolation for 73 gold pieces
 14663 | Orc:1    | Found Rudaon Ream's Weapon Emporium.
 14927 | Orc:1    | Found Puivyj's Gadget Shoppe.
 14934 | Orc:1    | Bought a wand of invisibility (5) for 99 gold pieces
 15057 | Orc:2    | Entered Level 2 of the Orcish Mines
 15057 | Orc:2    | Found Nuilotom's Food Emporium.
 15320 | Orc:2    | Noticed an orc warlord
 15629 | Orc:1    | Killed an orc warlord
 16178 | Orc:2    | Noticed Maud
 16210 | Orc:2    | Found Tanafrecu's Magic Scroll Shoppe.
 16234 | Orc:2    | Killed Maud
 16317 | Orc:2    | Bought a scroll of identify for 28 gold pieces
 16317 | Orc:2    | Bought a scroll of identify for 28 gold pieces
 16317 | Orc:2    | Bought a scroll of teleportation for 42 gold pieces
 16317 | Orc:2    | Bought a scroll of identify for 28 gold pieces
 16317 | Orc:2    | Bought a scroll of fear for 49 gold pieces
 16321 | Orc:2    | Found a staircase to the Elven Halls.
 17146 | Orc:1    | Reached skill level 10 in Armour
 18097 | Orc:1    | Gained mutation: You are in touch with the powers of death. [Mummy growth]
 18097 | Orc:1    | Gained mutation: You can restore your body by infusing magical energy. [Mummy growth]
 18097 | Orc:1    | Reached XP level 13. HP: 77/107 MP: 10/19
 18257 | Orc:2    | Reached skill level 12 in Fighting
 18467 | Orc:2    | Noticed an orc warlord
 18759 | Orc:1    | Mangled by an orc warlord

Vault maps used:
D:1:      nagdon_arrival_double_spiral, st_stairs_3
D:2:      nicolae_overflow_crystal_walls
D:3:      tgw_trog, lemuel_crystal_altar, nicolae_qazlal_style_of_elements,
          kennysheep_crisscross, kennysheep_nondescript, minmay_misc_feat_roman,
          nrook_mini_vaults
D:4:      minmay_temple_entry_crystal_x, enter_ossuary_5, first_bread
D:5:      kennysheep_mini
D:6:      overflow_temple_1_default
D:7:      uniq_joseph, uniq_crazy_yiuf_cottage
D:8:      lemuel_mausoleum_altar_kikubaaqudgha, nicolae_overflow_hidden_temple,
          hangedman_pestilent_swarm
D:9:      grunt_lair_entry_orc_guard_hut, lemuel_another_geyser
D:10:     kennysheep_blocky_room, orc_0_dummy, serial_shops,
          nicolae_shop_waterfront, uniq_sonja
D:11:     serial_shops, shop, minmay_diamond_spiral
D:12:     lab_entry_generic, serial_shops, shop
Temple:   triangle_lava_temple_11
Orc:1:    serial_shops, nicolae_shop_crystal, nicolae_shop_window_shopping,
          nicolae_shop_trees, shop
Orc:2:    st_orc_congregation, serial_shops,
          nicolae_shop_temple_entry_statues_fountains, shop, shop,
          mines3_lemuel, uniq_maud
Lab:      nicolae_lab_quarters, nicolae_lab_checkerboard, nicolae_lab_blocks,
          labyrinth_lava_lair, lab_fountain
Ossuary:  ossuary_minmay_chase

Action                   |  1- 3 |  4- 6 |  7- 9 | 10-12 | 13-15 || total
-------------------------+-------+-------+-------+-------+-------++-------
Melee: Club              |    27 |       |       |       |       ||    27
       Dagger            |    13 |   168 |   772 |  1529 |   122 ||  2604
       Long sword        |       |       |       |    22 |       ||    22
       Hand axe          |       |       |       |       |     8 ||     8
 Fire: Shortbow          |    87 |       |       |       |       ||    87
       Blowgun           |       |       |       |    47 |    12 ||    59
Throw: Tomahawk          |       |       |    10 |    25 |     2 ||    37
       Javelin           |       |       |       |    31 |    15 ||    46
Invok: Potion Petition   |       |       |     2 |       |     1 ||     3
       Call Merchant     |       |       |     1 |       |       ||     1
 Abil: Evoke Invisibilit |       |       |     4 |    23 |       ||    27
Evoke: Wand              |       |       |     2 |    85 |    11 ||    98
  Use: Scroll            |     5 |     7 |    11 |    24 |     2 ||    49
 Stab: Invisible         |       |       |    13 |    50 |    12 ||    75
       Sleeping          |       |       |     4 |       |       ||     4
       Distracted        |       |       |       |     2 |     1 ||     3
